 Dungeon Crawl Stone Soup version 0.22.1-6-g1668fe2c40 (webtiles) character file.

112 Kohma the Charlatan (level 4, 0/33 HPs)
             Began as a Demonspawn Artificer on Jan 24, 2019.
             Succumbed to an adder's poison
             ... on level 3 of the Dungeon.
             The game lasted 00:10:39 (4157 turns).

Kohma the Charlatan (Demonspawn Artificer)          Turns: 4157, Time: 00:10:40

Health: 0/33       AC:  7    Str: 12    XL:     4   Next: 64%
Magic:  7/7        EV:  9    Int: 18    God:
Gold:   179        SH:  0    Dex: 14    Spells: 3/3 levels left

rFire    . . .     SeeInvis .   a - +0 short sword
rCold    . . .     Gourm    .   (no shield)
rNeg     . . .     Faith    .   s - +0 scale mail
rPois    .         Spirit   .   (no helmet)
rElec    .         Reflect  .   (no cloak)
rCorr    .         Harm     .   i - +0 pair of gloves
MR       .....                  (no boots)
Stlth    +.........             (no amulet)
HPRegen  0.11/turn              (no ring)
MPRegen  0.10/turn              (no ring)

@: brilliant, lethally poisoned (0 -> -5), berserk cooldown, slowed, very slow
A: powered by pain 1
a: no special abilities


You were on level 3 of the Dungeon.
You were hungry.

You visited 1 branch of the dungeon, and saw 3 of its levels.

You collected 179 gold pieces.

Inventory:

Hand Weapons
 a - a +0 short sword (weapon)
 t - a +0 dagger
Missiles
 j - 67 stones (quivered)
 l - 2 needles of confusion
Armour
 i - a +0 pair of gloves (worn)
 s - a +0 scale mail (worn)
Jewellery
 v - an uncursed ring of fire {unknown}
Wands
 c - a wand of flame (13)
 d - a wand of enslavement (12)
 e - a wand of random effects (12)
Scrolls
 g - 2 scrolls of enchant armour {unknown}
 h - 2 scrolls of remove curse
 m - a scroll of enchant weapon {unknown}
 o - 2 scrolls of identify {unknown}
 p - a scroll of teleportation {unknown}
 r - a scroll of fog {unknown}
Potions
 n - a potion of degeneration {unknown}
 q - a potion of heal wounds {unknown}
Comestibles
 f - 2 rations
 u - 4 chunks of flesh


   Skills:
 + Level 1.9 Fighting
 + Level 1.4 Short Blades
 - Level 0.1 Armour
 + Level 2.5 Dodging
 + Level 1.7 Stealth
 * Level 4.1 Evocations


You had 3 spell levels left.
You didn't know any spells.
Your spell library was empty.

Dungeon Overview and Level Annotations

Branches:
Dungeon (3/15)

Altars:
Qazlal

Annotations:
D:3 3 runed doors, Peloso's ghost, weakling MiFi


Innate Abilities, Weirdness & Mutations

You sometimes gain a little power by taking damage.


Message History

You feel yourself moving faster!
You feel mighty!
* * * LOW HITPOINT WARNING * * *
You feel sick. The hobgoblin barely misses you.
The adder bites you but does no damage.
You are too berserk!
You puncture the adder!
You kill the adder!
You puncture the hobgoblin!
You kill the hobgoblin!
* * * LOW HITPOINT WARNING * * *
You feel sick.
You feel a strong urge to attack something.
* * * LOW HITPOINT WARNING * * *
You feel sick.
You feel your anger nearly subside.
You are no longer berserk.
You are exhausted.
You feel yourself slow down.
It was a potion of brilliance.
You feel clever all of a sudden.
You die...

## ....######.###.## ##.
#.#.....# #.# #.# #..
#.#.....######.###.#
#...#.#.....+..........#
...#.#[....######.#####
....#.....# #.#
#..#.....# #.#
#..#)....#### #.#
#>.†.@.....# #.#
##########.# #.# #.# #.#
#.# #.##### #.# #.....#
#.# #####.# #.# #.#
#.#######.# #.........#


There were no monsters in sight!

Vanquished Creatures
  A worker ant zombie (D:2)
  3 adders
  An ooze (D:2)
  2 worms
  A dart slug (D:2)
  A leopard gecko (D:1)
  5 giant cockroaches
  7 goblins
  6 hobgoblins
  9 jackals
  A quokka (D:2)
  2 ball pythons
  8 bats
  A frilled lizard (D:2)
  6 kobolds
  3 rats
57 creatures vanquished.

Notes
Turn   | Place    | Note
-------+----------+-------------------------------------------
     0 | D:1      | Kohma the Demonspawn Artificer began the quest for the Orb.
     0 | D:1      | Reached XP level 1. HP: 15/15 MP: 3/3
   595 | D:1      | Gained mutation: You sometimes gain a little power by
                  | taking damage. [demonic ancestry]
   595 | D:1      | Reached XP level 2. HP: 20/21 MP: 4/4
   852 | D:1      | Reached skill level 1 in Stealth
   882 | D:1      | Reached skill level 1 in Short Blades
  1433 | D:1      | HP: 1/21 [jackal (1)]
  1738 | D:2      | Found a stormy altar of Qazlal.
  1850 | D:2      | Reached XP level 3. HP: 22/26 MP: 5/5
  2779 | D:2      | Reached XP level 4. HP: 19/32 MP: 6/6
  3018 | D:2      | Reached skill level 4 in Evocations
  4020 | D:3      | Found a runed gate.
  4020 | D:3      | Found a runed gate.
  4020 | D:3      | Found a runed gate.
  4020 | D:3      | Noticed Peloso's ghost (weakling MiFi)
  4150 | D:3      | HP: 2/49 [poisoned by an adder]
  4155 | D:3      | HP: 1/49 [poisoned by an adder]
  4157 | D:3      | Succumbed to an adder's poison

Skill      XL: |  1  2  3  4 |
---------------+-------------+-----
Dodging        | 2 |  2.5
Stealth        | 1 |  1.7
Short Blades   | 1 |  1.4
Evocations     | 4 |  4.1
Fighting       | |  1.9
Armour         | |  0.1

Action                   |  1- 3 |  4- 6 || total
-------------------------+-------+-------++-------
Melee: Short sword       |   173 |   125 ||   298
       Dagger            |       |    26 ||    26
Evoke: Wand              |     4 |     4 ||     8
  Use: Potion            |       |     2 ||     2
       Scroll            |       |     1 ||     1
 Stab: Sleeping          |     2 |       ||     2
  Eat: Chunk             |     6 |     4 ||    10
Armor: Leather armour    |    68 |       ||    68
       Scale mail        |       |    82 ||    82
Dodge: Dodged            |   140 |    74 ||   214
